 Dungeon Crawl Stone Soup version 0.16.1-51-g6203257 (webtiles) character file.

4573 teebee the Carver (level 10, -6/95 HPs)
             Began as a Hill Orc Fighter on July 28, 2015.
             Was an Elder of Okawaru.
             Mangled by a wyvern zombie (10 damage)
             ... on level 9 of the Dungeon on July 29, 2015.
             The game lasted 00:57:03 (8379 turns).

teebee the Carver (Hill Orc Fighter)                Turns: 8379, Time: 00:57:03

Health: -6/95      AC: 13    Str: 27    XL:     10   Next: 41%
Magic:  10/10      EV:  7    Int:  8    God:    Okawaru [****..]
Gold:   169        SH:  0    Dex: 11    Spells: 0 memorised, 9 levels left

rFire  . . .     SeeInvis .     W - +2 long sword
rCold  . . .     Clarity  .     Z - +0 plate armour
rNeg   . . .     SustAb   .     (no shield)
rPois  +         Gourm    .     s - +0 helmet
rElec  .         Spirit   .     (no cloak)
rCorr  .         Warding  .     (no gloves)
rMut   .         Stasis   .     (no boots)
MR     +....                    (no amulet)
Stlth  ..........               m - ring of poison resistance
                                P - ring of protection from magic

@: mighty, about to teleport, very slightly contaminated, somewhat resistant to
hostile enchantments, extremely unstealthy
A: no striking features
a: Heroism, Renounce Religion


You were on level 9 of the Dungeon.
You worshipped Okawaru.
Okawaru was greatly pleased with you.
You were not hungry.

You visited 2 branches of the dungeon, and saw 10 of its levels.

You collected 358 gold pieces.
You spent 189 gold pieces at shops.

Inventory:

Hand weapons
 b - a +2 dagger of speed
 g - a +0 shortbow
 h - a +1 short sword of holy wrath
 j - a +1 dagger of venom
 p - a +1 battleaxe
 K - a +1 dagger of protection
 R - a +1 trident of piercing
 V - a cursed +3 trident of freezing
 W - a +2 long sword (weapon)
 Y - a +0 antimagic long sword
Missiles
 y - 106 arrows
 E - 22 stones (quivered)
 L - 10 arrows of flame
 S - 21 arrows of frost
Armour
 c - a +0 shield
 f - a +0 chain mail
 s - a +0 helmet (worn)
 Z - a +0 plate armour (worn)
Jewellery
 m - a ring of poison resistance (right hand)
 q - an uncursed ring of positive energy
 P - a ring of protection from magic (left hand)
 X - a +4 ring of protection {unknown}
Magical devices
 o - a wand of random effects (19)
 r - a wand of slowing (21)
 A - a wand of fireball (6)
 H - a wand of flame (29)
 O - a wand of random effects (15)
 U - a wand of slowing (29)
Scrolls
 i - a scroll of teleportation
 t - 3 scrolls of noise {unknown}
 u - a scroll of immolation
 v - a scroll of fog
 I - 3 scrolls of magic mapping {unknown}
 M - a scroll of fear {unknown}
 Q - a scroll of enchant armour {unknown}
 T - 2 scrolls of remove curse
Potions
 e - a potion of might
 n - 3 potions of restore abilities
 x - a potion of brilliance
 B - a potion of ambrosia
 C - a potion of resistance
 F - a potion of curing
Books
 a - Sif Muna's Collected Works on Good Luck
   (You found it on level 9 of the Dungeon)

   Spells                             Type                      Level
   a - Infusion                       Charms                       1
 D - Vehumet's Catalogue of Conjuration
   (You found it on level 9 of the Dungeon)

   Spells                             Type                      Level
   a - Magic Dart                     Conjuration                  1
 J - Kikubaaqudgha's Incunabulum of Necromancy
   (You found it on level 9 of the Dungeon)

   Spells                             Type                      Level
   a - Pain                           Necromancy                   1
 N - a book of Envenomations

   Spells                             Type                      Level
   a - Spider Form                    Transmutation/Poison         3
   b - Alistair's Intoxication        Transmutation/Poison         4
   c - Olgreb's Toxic Radiance        Poison                       4
   d - Poisonous Cloud                Conjuration/Poison/Air       6
Comestibles
 d - 2 meat rations
 k - 2 beef jerkies
 l - 7 bread rations
 w - 7 fruits
 z - 6 slices of pizza


   Skills:
 * Level 11.0 Fighting
 * Level 11.9 Long Blades
   Level 0.1(0.2) Slings
 + Level 2.6 Bows
 - Level 0.2 Throwing
 + Level 5.2 Armour
 - Level 0.3 Stealth
 - Level 3.2 Shields


You had 9 spell levels left.
You didn't know any spells.

Dungeon Overview and Level Annotations

Branches:
Dungeon (9/15)             Temple (1/1) D:5
   Lair: D:8-11         Orc: D:9-12

Altars:
Ashenzari
Cheibriados
Dithmenos
Elyvilon
Fedhas
Gozag
Kikubaaqudgha
Makhleb
Nemelex Xobeh
Okawaru
Qazlal
Ru
Sif Muna
Trog
Vehumet
Xom
Yredelemnul
Zin
The Shining One

Shops:
D:8 (?

Annotations:
D:8 Shops
D:9 SlowGraham's ghost, experienced OpFi


Message History

SlowGraham's ghost keens inconsolably.
SlowGraham's ghost hits you but does no damage.
The jackal pauses to sniff the ground.
A troll comes into view.
A wyvern zombie comes into view.
You flicker for a moment.
The wyvern zombie closely misses you. The wyvern zombie barely misses you.
The wyvern zombie bites you but does no damage.
The wyvern zombie bites you.
* * * LOW HITPOINT WARNING * * *
The jackal stops to sniff the ground.
You flicker back into view.
The wyvern zombie bites you.
* * * LOW HITPOINT WARNING * * *
Drink which item? (? for menu, Esc to quit)
Okay, then.
Read which item? (? for menu, Esc to quit)
As you read the scroll of teleportation, it crumbles to dust.
You feel strangely unstable. The wyvern zombie bites you!
You die...

. #..# #..#
#..# #..# #..#
.# #..#####..#
# #..h......#
#. #..Z@.....#
#.##..#####..#
#.....# .
#....W# #
#.....# ..#..
#.##..# .
#...#..# #.
#..# #..#
#...#..# #
#..# #..#
#...#..# #..#
#..# #...#.>#


You could see a wyvern zombie and a jackal.

Vanquished Creatures
  The ghost of teebee the Skirmisher, an average HOFi (D:4)
  A human (D:7)
  A deep elf fighter (D:7)
  A hippogriff (D:7)
  Edmund (D:8)
  4 wolves (D:9)
  A black bear (D:5)
  A phantom (D:4)
  2 ice beasts
  5 sky beasts
  An ogre (D:6)
  Duvessa (D:8)
  4 centaurs
  4 giant frogs
  A gnoll sergeant (D:8)
  A scorpion (D:6)
  5 wights (D:6)
  A goliath beetle (D:6)
  7 crimson imps
  Dowan (D:8)
  A gnoll shaman (D:4)
  4 hounds
  A giant frog zombie (D:9)
  4 jellies
  4 worker ants
  An orc priest (D:6)
  6 orc wizards
  A centaur zombie (D:5)
  An iron imp (D:5)
  A centaur skeleton (D:6)
  2 iguanas
  Natasha (twice) (D:5)
  4 sheep (D:7)
  A hound zombie (D:8)
  2 worker ant zombies
  Robin (D:4)
  6 gnolls
  2 shadow imps
  10 adders
  2 worms
  2 giant mites
  An adder zombie (D:8)
  3 adder skeletons
  An ooze (D:3)
  15 orcs
  2 bat skeletons
  6 giant cockroaches
  11 hobgoblins
  10 jackals
  A ball python (D:2)
  17 bats
  4 giant geckos (D:2)
  2 giant gecko skeletons
  7 giant newts
  A giant spore (D:7)
  23 goblins
  18 kobolds
  6 quokkas
  A quokka zombie (D:9)
  12 rats
243 creatures vanquished.

Vanquished Creatures (others)
  A ballistomycete (D:7)
1 creature vanquished.

Grand Total: 244 creatures vanquished

Notes
Turn   | Place    | Note
--------------------------------------------------------------
     0 | D:1      | teebee, the Hill Orc Fighter, began the quest for the Orb.
     0 | D:1      | Reached XP level 1. HP: 19/19 MP: 1/1
   148 | D:1      | Reached XP level 2. HP: 22/27 MP: 2/2
   272 | D:1      | Reached skill level 4 in Fighting
   626 | D:2      | Found a shimmering altar of Xom.
   689 | D:2      | Reached XP level 3. HP: 21/34 MP: 3/3
   985 | D:2      | Found a sacrificial altar of Ru.
   986 | D:2      | Found a shadowy altar of Dithmenos.
   986 | D:2      | Found a basalt altar of Yredelemnul.
   999 | D:2      | Found a white marble altar of Elyvilon.
  1074 | D:2      | Reached XP level 4. HP: 38/41 MP: 4/4
  1299 | D:3      | Reached skill level 5 in Fighting
  1464 | D:3      | Found a deep blue altar of Sif Muna.
  1617 | D:3      | Reached XP level 5. HP: 21/48 MP: 5/5
  2165 | D:4      | Noticed a phantom
  2189 | D:4      | Noticed teebee's ghost (average HOFi)
  2199 | D:4      | Killed a phantom
  2199 | D:4      | Reached skill level 5 in Long Blades
  2199 | D:4      | Reached XP level 6. HP: 35/57 MP: 6/6
  2210 | D:4      | Killed teebee's ghost
  2210 | D:4      | Reached skill level 6 in Fighting
  2210 | D:4      | Reached XP level 7. HP: 13/64 MP: 7/7
  2255 | D:4      | Noticed Robin
  2259 | D:5      | Entered Level 5 of the Dungeon
  2259 | D:5      | Found a staircase to the Ecumenical Temple.
  2271 | Temple   | Entered the Ecumenical Temple
  2394 | Temple   | Became a worshipper of Warmaster Okawaru
  2478 | D:4      | Killed Robin
  2560 | D:4      | Found a shattered altar of Ashenzari.
  2713 | D:4      | Reached skill level 7 in Fighting
  3190 | D:4      | Found a blossoming altar of Fedhas.
  3570 | D:5      | Acquired Okawaru's first power
  3570 | D:5      | Reached XP level 8. HP: 30/74 MP: 8/8
  3628 | D:5      | Noticed Natasha
  3645 | D:5      | Killed Natasha
  3713 | D:5      | Reached skill level 8 in Fighting
  3874 | D:5      | Noticed Natasha
  3890 | D:5      | Killed Natasha
  4236 | D:6      | Reached skill level 1 in Bows
  4279 | D:6      | Reached skill level 9 in Long Blades
  4422 | D:6      | HP: 2/75 [centaur/arrow (4)]
  4432 | D:7      | HP: 2/75 [poison (a potion of poison)]
  4484 | D:7      | Reached XP level 9. HP: 43/83 MP: 9/9
  5056 | D:7      | Reached skill level 10 in Long Blades
  5895 | D:6      | Reached skill level 10 in Fighting
  5972 | D:6      | HP: 3/85 [wight/enchanted battleaxe (8)]
  6578 | D:6      | Reached skill level 11 in Long Blades
  6962 | D:8      | Noticed Edmund
  6962 | D:8      | Noticed Duvessa
  7152 | D:8      | Killed Edmund
  7225 | D:8      | Reached XP level 10. HP: 84/94 MP: 10/10
  7506 | D:8      | Found Vacsuceze's Antique Weapon Emporium.
  7516 | D:8      | Bought a runed long sword for 105 gold pieces
  7635 | D:8      | Found Puozie's Magic Scroll Shop.
  7650 | D:8      | Bought a scroll of remove curse for 36 gold pieces
  7650 | D:8      | Bought a scroll of identify for 24 gold pieces
  7650 | D:8      | Bought a scroll of identify for 24 gold pieces
  7913 | D:8      | Noticed Dowan
  7925 | D:8      | Killed Dowan
  7934 | D:8      | Killed Duvessa
  7952 | D:9      | Found an opulent altar of Gozag.
  8129 | D:9      | Found a deep blue altar of Sif Muna.
  8140 | D:9      | Identified Sif Muna's Collected Works on Good Luck (You found it on level 9 of the Dungeon)
  8144 | D:9      | Found a radiant altar of Vehumet.
  8148 | D:9      | Identified Vehumet's Catalogue of Conjuration
  8153 | D:9      | Found an ancient bone altar of Kikubaaqudgha.
  8157 | D:9      | Identified Kikubaaqudgha's Incunabulum of Necromancy
  8246 | D:9      | Reached skill level 5 in Armour
  8303 | D:9      | Noticed SlowGraham's ghost (experienced OpFi)
  8331 | D:9      | Received a gift from Okawaru
  8356 | D:9      | HP: 4/95 [SlowGraham's ghost (7)]
  8373 | D:9      | HP: 3/95 [wyvern zombie (5)]
  8379 | D:9      | Mangled by a wyvern zombie

Action                   |  1- 3 |  4- 6 |  7- 9 | 10-12 || total
-------------------------+-------+-------+-------+-------++-------
Melee: Long sword        |   169 |   149 |   594 |   130 ||  1042
       Dagger            |       |       |    43 |       ||    43
 Fire: Hunting sling     |       |     5 |     2 |       ||     7
       Shortbow          |       |       |    58 |       ||    58
Throw: Tomahawk          |       |       |     4 |       ||     4
Evoke: Wand              |       |       |     1 |       ||     1
  Use: Scroll            |     1 |     5 |     6 |     4 ||    16
       Potion            |       |     4 |    13 |     2 ||    19
  Eat: Chunk             |     1 |     4 |     9 |       ||    14
       Fruit             |       |       |     5 |       ||     5
       Pizza             |       |       |     3 |       ||     3
       Meat ration       |       |       |       |     1 ||     1
